 Dungeon Crawl Stone Soup version 0.31-a0-1620-gcbf77bbcfc (webtiles) character file.

Game seed: 4920263162202428172

78 voltaire321 the Sneak (level 4, -2/28 HPs)
             Began as an Octopode Hedge Wizard on Jan 12, 2024.
             Splashed by a jelly's acid (9 damage)
             ... in a sewer.
             The game lasted 00:05:35 (1926 turns).

voltaire321 the Sneak (Octopode Hedge Wizard)       Turns: 1926, Time: 00:05:36

Health: -2/28      AC:  1    Str:  9    XL:     4   Next: 36%
Magic:  8/8        EV: 13    Int: 18    God:
Gold:   158        SH:  5    Dex: 11    Spells: 3/9 levels left

rFire   . . .        a - +0 dagger
rCold   . . .        (no shield)
rNeg    . . .        b - +0 hat
rPois   .            f - amulet of reflection
rElec   .            (no ring)
rCorr   .            (no ring)
SInv    .            (no ring)
Will    .....        (no ring)
Stlth   +++          (no ring)
HPRegen 0.24/turn    (no ring)
MPRegen 0.11/turn    (no ring)
                     (no ring)

%: reflection
@: no status effects
A: almost no armour, amphibious, 8 rings, camouflage 1, gelatinous body 1,
(nimble swimmer 1), tentacles
a: no special abilities


You were in a sewer.
You visited 1 branch of the dungeon, and saw 3 of its levels.
You also visited: Sewer.

You collected 158 gold pieces.

Inventory:

Hand Weapons
 a - a +0 dagger (weapon)
Armour
 b - a +0 hat (worn)
Jewellery
 f - an amulet of reflection (around mantle)
Scrolls
 g - a scroll of poison {unknown}
 j - a scroll of fear {unknown}
 l - a scroll of enchant armour {unknown}
 m - a scroll of identify {unknown}
Potions
 c - a potion of magic
 d - a potion of heal wounds {unknown}
 e - a potion of degeneration {unknown}
 h - a potion of curing {unknown}
 i - 2 potions of mutation {unknown}
 k - a potion of attraction {unknown}
 n - a potion of ambrosia {unknown}
 o - a potion of enlightenment {unknown}


   Skills:
 + Level 1.2 Fighting
 + Level 2.6 Dodging
 + Level 3.3 Stealth
 + Level 3.2 Spellcasting
 + Level 1.5 Conjurations
 + Level 1.6 Summonings
 + Level 1.6 Translocations


You had 3 spell levels left.
You knew the following spells:

 Your Spells              Type           Power      Damage    Failure   Level
a - Magic Dart            Conj           32%        1d4       9%          1
b - Call Imp              Summ           16%        N/A       12%         2
c - Blink                 Tloc           18%        N/A       12%         2
d - Slow                  Hex            8%         N/A       16%         1

Your spell library contained the following spells:

 Spells                   Type           Power      Damage    Failure   Level
 Cigotuvi's Dreadful Rot  Necr/Alch/Air  4%         N/A       24%         2
 Mephitic Cloud           Conj/Alch/Air  4%         N/A       36%         3


Dungeon Overview and Level Annotations

Branches:
Dungeon (3/15)              Sewer (1/1)

Altars:


Innate Abilities, Weirdness & Mutations

You cannot wear most types of armour.
You are amphibious.
You can wear up to eight rings at the same time.
Your skin changes colour to match your surroundings (Stealth+).
Your rubbery body absorbs attacks. (AC +1, EV +1)
((You are camouflaged when in or above water. (Stealth+)))
You have tentacles for arms and can constrict up to eight enemies at once.


Message History

There is an open door here.
The helpless adder fails to defend itself.
You puncture the adder! Your grab misses the adder.
The adder is severely wounded.
You block the adder's attack. The adder bites you.
You closely miss the adder. Your grab misses the adder.
Your squeeze misses the adder.
The adder is severely wounded.
The adder closely misses you.
You hit the adder. Your grab misses the adder.
The adder is almost dead.
The adder barely misses you.
You hit the adder.
You kill the adder!
You see here an adder corpse.
You open the door.
There is an open door here.
You enter the shallow water.
There is a broken door here.
i - 2 fuming cyan potions (gained 1)
There is a broken door here.
You open the door.
Found a brown potion.
There is an open door here.
o - a brown potion
There is an open door here.
You open the door.
A jelly comes into view.
Found a scroll labelled UQOXZUIMNU.
There is an open door here.
The helpless jelly fails to defend itself.
You puncture the jelly!
Your tentacles burn!
The jelly is heavily wounded.
The jelly hits you.
You are splashed with acid!
You hit the jelly.
Your tentacles burn!
The jelly is heavily wounded.
The jelly hits you.
* * * LOW HITPOINT WARNING * * *
You are splashed with acid!
You die...

#[##.##.##∩# .#
#†...##)##.# .#
#'##'##'##)##'##+#
#######.........).......
~~~~~~.~~~~~~~~~.~~~~~~~
≈≈≈≈≈≈.≈≈≈≈≈≈≈≈≈∩≈≈≈≈≈≈≈
~~~~~~.~)~~~~~~~.~~~~~~~
#######.................
#'##'##'##@##+##+#
#.##.##.##J#
#.##.##.##?#
############


You could see a jelly.

Vanquished Creatures
  2 adders
  3 ribbon worms (D:3)
  2 dart slugs
  5 bats
  An endoplasm (D:1)
  2 giant cockroaches (D:2)
  2 goblins
  3 hobgoblins
  8 jackals (D:2)
  2 quokkas (D:2)
  4 ball pythons
  A frilled lizard (D:2)
  4 kobolds (Sewer)
  8 rats
47 creatures vanquished.

Notes
Turn   | Place    | Note
-------+----------+-------------------------------------------
     0 | D:1      | voltaire321 the Octopode Hedge Wizard began the quest for
                  | the Orb.
     0 | D:1      | Reached XP level 1. HP: 11/11 MP: 4/4
   182 | D:1      | Reached XP level 2. HP: 18/18 MP: 0/6
   823 | D:2      | Reached XP level 3. HP: 22/22 MP: 4/7
   866 | D:2      | Reached skill level 1 in Fighting
  1051 | D:2      | Learned a level 2 spell: Call Imp
  1054 | D:2      | Learned a level 2 spell: Blink
  1056 | D:2      | Learned a level 1 spell: Slow
  1737 | D:3      | Reached XP level 4. HP: 15/28 MP: 1/8
  1834 | D:3      | Found a glowing drain.
  1838 | Sewer    | Entered a sewer
  1926 | Sewer    | Splashed by a jelly's acid

Illustrated notes

Levels and vault maps discovered:
D:1:      wander_arrival_fairy_ring, layout_basic, minivault_25
D:2:      layout_loops_ring
D:3:      layout_rooms, mainiacjoe_overflow_large_starburst,
          mainiacjoe_sewer_entry_somewhere_in_here_2, st_stairs_11,
          chequers_serial_rivers_small_3
Sewer:    kennysheep_door_sewer

Skill      XL: |  1  2  3 |
---------------+----------+-----
Stealth        | 3 |  3.3
Fighting       | 1 |  1.2
Dodging        | |  2.6
Spellcasting   | |  3.2
Conjurations   | |  1.5
Summonings     | |  1.6
Translocations | |  1.6

Action                     |  1- 3 |  4- 6 || total
---------------------------+-------+-------++-------
  Melee: Dagger            |    56 |    19 ||    75
         Constrict         |    13 |     4 ||    17
         Tentacles         |    12 |     6 ||    18
   Cast: Magic Dart        |    54 |     5 ||    59
         Call Imp          |     2 |       ||     2
   Stab: Sleeping          |     2 |     2 ||     4
 Armour: Skin              |    20 |     5 ||    25
  Dodge: Dodged            |    36 |     8 ||    44
  Block: Other             |     8 |     5 ||    13
         Reflection        |       |     2 ||     2

Table legend: (Time is in decaauts)
 A = Elapsed time spent in this place.
 B = Non-inter-level travel time spent in this place.
 C = Inter-level travel time spent in this place.
 D = Time resting spent in this place.
 E = Time spent auto-exploring this place.
 F = Levels seen in this place.
 G = Mean time per level.
                   A        B        C        D        E       F      G
               +--------+--------+--------+--------+--------+-----+--------+
         Total |   1925 |   1888 |     37 |    288 |   1111 |   4 |  481.2 |
       Dungeon |   1837 |   1800 |     37 |    273 |   1106 |   3 |  612.3 |
         Sewer |     87 |     87 |      0 |     15 |      5 |   1 |   87.0 |
               +--------+--------+--------+--------+--------+-----+--------+

Top non-repeatable levels by time:
     D:2: 883 daAuts
     D:1: 753 daAuts
     D:3: 200 daAuts
   Sewer: 87 daAuts
